 Dungeon Crawl Stone Soup version 0.18.1-5-g4a78601 (webtiles) character file.

1138 Implojin the Insei (level 8, 0/64 HPs)
             Began as a Mummy Monk on May 14, 2016.
             Slain by a giant frog (9 damage)
             ... on level 6 of the Dungeon.
             The game lasted 00:17:01 (8991 turns).

Implojin the Insei (Mummy Monk)                     Turns: 8991, Time: 00:17:02

Health: 0/64       AC:  3    Str: 14    XL:     8   Next: 14%
Magic:  8/8        EV: 14    Int: 10    God:
Gold:   280        SH:  3    Dex: 16    Spells: 0 memorised, 7 levels left

rFire  x . .     SeeInvis +       - Unarmed
rCold  + . .     Gourm    .     (no armour)
rNeg   + + +     Faith    .     o - +0 buckler
rPois  ∞         Spirit   .     (no helmet)
rElec  .         Dismiss  .     g - +2 cloak
rCorr  .         Reflect  .     (no gloves)
SustAt .         Harm     .     (no boots)
MR     +....                    (no amulet)
Stlth  ++........               (no ring)
                                r - ring of see invisible

@: somewhat resistant to hostile enchantments, unstealthy
A: no food or potions, fire vulnerability, cold resistance 1, negative energy
resistance 3, torment resistance, unbreathing
a: no special abilities


You were on level 6 of the Dungeon.
You were not hungry.

You visited 1 branch of the dungeon, and saw 6 of its levels.

You collected 280 gold pieces.

Inventory:

Armour
 g - a +2 cloak (worn)
 i - a +0 large shield
 o - a +0 buckler (worn)
Magical Staves
 p - an uncursed staff of fire {unknown}
Jewellery
 e - an uncursed amulet of regeneration {unknown}
 r - a ring of see invisible (left hand)
Wands
 h - a wand of slowing (13/48)
Scrolls
 d - 2 scrolls of magic mapping
 f - a scroll of amnesia
 j - 3 scrolls of enchant weapon
 k - a scroll of teleportation
 l - a scroll of noise
 m - a scroll of recharging
 n - a scroll of immolation {unknown}
 q - a scroll of enchant armour
 s - a scroll of identify
Books
 b - a book of Enchantments

   Spells                             Type                      Level
   a - Cause Fear                     Hexes                        4
   b - Yara's Violent Unravelling     Hexes/Transmutation          5
   c - Silence                        Hexes/Air                    5
   d - Deflect Missiles               Charms/Air                   6
   e - Haste                          Charms                       6
   f - Discord                        Hexes                        8
Comestibles
 c - 2 bread rations (quivered)


   Skills:
 - Level 6.0 Fighting
 * Level 5.1 Dodging
 - Level 1.5 Stealth
 - Level 6.0 Unarmed Combat


You had 7 spell levels left.
You didn't know any spells.

Dungeon Overview and Level Annotations

Branches:
Dungeon (6/15)             Temple (0/1) D:4

Altars:
Cheibriados
Kikubaaqudgha
Pakellas
Xom
Zin
The Shining One


Innate Abilities, Weirdness & Mutations

You do not eat or drink.
Your flesh is vulnerable to fire.
You are immune to poison.
Your flesh is cold resistant.
You are immune to negative energy.
You are immune to unholy pain and torment.
You can survive without breathing.


Message History

The orc priest hits you with an enchanted whip.
* * * LOW HITPOINT WARNING * * *
You punch the orc priest!
You kill the orc priest!
The giant frog hits you but does no damage.
The orc hits you from afar with a trident.
* * * LOW HITPOINT WARNING * * *
You hit the giant frog but do no damage.
The giant frog is moderately wounded.
The giant frog misses you.
The orc hits you from afar with a trident.
* * * LOW HITPOINT WARNING * * *
The giant frog hits you.
* * * LOW HITPOINT WARNING * * *
You hit the giant frog.
The giant frog is moderately wounded.
The giant frog hits you.
* * * LOW HITPOINT WARNING * * *
You punch the giant frog!
The giant frog is severely wounded.
The orc misses you. The giant frog barely misses you.
You hit the giant frog but do no damage.
The giant frog is severely wounded.
The giant frog hits you.
* * * LOW HITPOINT WARNING * * *
The orc barely misses you. The giant frog misses you.
Read which item? (? for menu, Esc to quit)
Okay, then.
Read which item? (? for menu, Esc to quit)
As you read the scroll of fear, it crumbles to dust.
You assume a fearsome visage.
The giant frog looks frightened!
The orc looks frightened!
You barely miss the giant frog.
Your attack snaps the giant frog out of its fear.
The giant frog is severely wounded.
You block the giant frog's attack.
You closely miss the giant frog.
The giant frog is severely wounded.
The giant frog hits you!
You die...

#.....# ###.# #.....#
#.# #.....# #.#
#(....###### #.#
#.....#....# #.#
#.....#....# #.#
#.....#....# #.#
.#####.....#....#####.#
.#)..F@....#.....†.##.#
.#.###.....#....##.##.#
##.#.#
#.###......##.##.#
...#o#
#.###.#...<#.....#
##o####..#.#
#...#.#....#######
oo.Fo.F..#.#
###.#.#....# #.. #.##.#
#.#.###..# #.# #o...#
#.#......# #.. ####.#
#.######.#######


You could see a giant frog.

Vanquished Creatures
  A phantom (D:5)
  A necrophage (D:6)
  2 ice beasts
  A giant frog zombie (D:5)
  A crimson imp (D:5)
  A gnoll shaman (D:5)
  A giant frog skeleton (D:4)
  4 hounds
  2 orc priests
  Jessica (D:2)
  5 worker ants
  A hound zombie (D:6)
  4 gnolls
  A howler monkey skeleton (D:4)
  15 adders
  A shadow imp (D:5)
  2 oozes
  2 worms
  5 dart slugs
  3 giant geckos
  10 orcs
  8 bats
  3 giant cockroaches
  8 hobgoblins
  7 jackals
  2 kobolds
  2 quokkas
  3 ball pythons
  4 giant newts
  7 goblins
  A quokka skeleton (D:4)
  7 rats
116 creatures vanquished.

Notes
Turn   | Place    | Note
--------------------------------------------------------------
     0 | D:1      | Implojin the Mummy Monk began the quest for the Orb.
     0 | D:1      | Reached XP level 1. HP: 18/18 MP: 1/1
   260 | D:1      | Reached XP level 2. HP: 12/24 MP: 2/2
   603 | D:1      | Found a shimmering altar of Xom.
   881 | D:1      | Reached skill level 4 in Unarmed Combat
  1263 | D:1      | Reached XP level 3. HP: 29/29 MP: 3/3
  1779 | D:2      | Noticed Jessica
  1793 | D:2      | Killed Jessica
  1793 | D:2      | Reached XP level 4. HP: 16/35 MP: 4/4
  2654 | D:2      | Reached skill level 5 in Unarmed Combat
  2977 | D:3      | Found an oddly glowing altar of Pakellas.
  3089 | D:3      | Reached XP level 5. HP: 25/41 MP: 5/5
  3218 | D:3      | Noticed an orc warrior
  3762 | D:3      | Found a snail-covered altar of Cheibriados.
  4966 | D:4      | Found a staircase to the Ecumenical Temple.
  4975 | D:4      | Reached skill level 6 in Unarmed Combat
  4997 | D:4      | Reached XP level 6. HP: 34/47 MP: 6/6
  5453 | D:4      | Found a glowing golden altar of the Shining One.
  5667 | D:4      | Reached skill level 4 in Fighting
  5785 | D:5      | Entered Level 5 of the Dungeon
  5894 | D:5      | Found an oddly glowing altar of Pakellas.
  6199 | D:5      | Reached skill level 5 in Fighting
  6271 | D:5      | Reached XP level 7. HP: 52/56 MP: 7/7
  6594 | D:5      | Reached skill level 6 in Fighting
  6976 | D:5      | Reached skill level 3 in Dodging
  8151 | D:6      | Reached skill level 4 in Dodging
  8360 | D:6      | Reached XP level 8. HP: 18/64 MP: 8/8
  8622 | D:6      | Found a glowing silver altar of Zin.
  8647 | D:6      | Found an ancient bone altar of Kikubaaqudgha.
  8768 | D:6      | Reached skill level 5 in Dodging
  8991 | D:6      | Slain by a giant frog

Skill      XL: |  1  2  3  4  5  6  7  8 |
---------------+-------------------------+-----
Unarmed Combat | 4 5 6 |  6.0
Fighting       | 5 6 |  6.0
Dodging        | 4 5 |  5.1
Stealth        | |  1.5

Action                   |  1- 3 |  4- 6 |  7- 9 || total
-------------------------+-------+-------+-------++-------
Melee: Unarmed           |   129 |   276 |   222 ||   627
       Punch             |       |     7 |       ||     7
  Use: Scroll            |       |     8 |     3 ||    11
 Stab: Sleeping          |     5 |     6 |     3 ||    14
Armor: Skin              |       |    14 |    40 ||    54
Dodge: Dodged            |    79 |   167 |   104 ||   350
Block: Buckler           |       |       |    22 ||    22

Table legend:
 A = Turns spent in this place as a percentage of turns spent in the entire game.
 B = Non-inter-level travel turns spent in this place as a percentage of non-inter-level travel turns spent in the entire game.
 C = Inter-level travel turns spent in this place as a percentage of turns spent in this place.
 D = Turns resting spent in this place as a percentage of non-inter-level travel turns spent in this place.
 E = Turns spent auto-exploring this place as a percentage of non-inter-level travel turns spent in this place.
 F = Non-inter-level travel turns spent in this place divided by the number of levels of this place that you've seen.
                   A       B       C       D       E      F
               +-------+-------+-------+-------+-------+----------------------
         Total | 100.0 | 100.0 |   0.4 |   5.4 |   6.8 | 346.3
       Dungeon | 100.0 | 100.0 |   0.4 |   5.4 |   6.8 | 346.3
               +-------+-------+-------+-------+-------+----------------------

Table legend:
 A = Kills in this place as a percentage of kills in entire the game.
 B = Kills by you in this place as a percentage of kills by you in the entire game.
 C = Kills by friends in this place as a percentage of kills by friends in the entire game.
 D = Other kills in this place as a percentage of other kills in the entire game.
 E = Experience gained in this place as a percentage of experience gained in the entire game.
 F = Experience gained in this place divided by the number of levels of this place that you have seen.
                   A       B       C       D       E      F
               +-------+-------+-------+-------+-------+----------------------
         Total | 100.0 | 100.0 |  -nan |  -nan | 100.0 | 271.0
       Dungeon | 100.0 | 100.0 |  -nan |  -nan | 100.0 | 271.0
               +-------+-------+-------+-------+-------+----------------------
